 Dungeon Crawl Stone Soup version 0.31.0-9-g3a7656b989 (webtiles) character file.

Game seed: 18330891581856544200

16077 Bnni the Skirmisher (level 12, -2/87 HPs)
             Began as a Formicid Hexslinger on Feb 3, 2024.
             Was a Believer of Hepliaklqana.
             Slain by a death yak (25 damage)
             ... on level 11 of the Dungeon.
             The game lasted 00:36:49 (10756 turns).

Bnni the Skirmisher (Formicid Hexslinger)          Turns: 10756, Time: 00:36:49

Health: -2/87      AC:  6    Str: 14    XL:     12   Next: 65%
Magic:  13/19      EV: 17    Int: 13    God:    Hepliaklqana [**....]
Gold:   173        SH:  0    Dex: 20    Spells: 2/21 levels left

rFire   . . .        s - +0 arbalest
rCold   . . .        (no shield)
rNeg    . . .        c - +0 robe
rPois   .            (helmet unavailable)
rElec   .            e - +0 cloak
rCorr   .            j - +2 pair of gloves
SInv    +            (no boots)
Will    +....        (no amulet)
Stlth   ++           l - ring of wizardry
HPRegen 0.34/turn    o - +5 ring of evasion
MPRegen 0.16/turn

%: wizardry (x1)
@: no status effects
A: reduced essence, permanent stasis, dig shafts and tunnels, antennae 3, four
strong arms
a: Dig, Shaft Self, Renounce Religion, Recall Ancestor, Ancestor Identity


You were on level 11 of the Dungeon.
You worshipped Hepliaklqana.
Hepliaklqana was pleased with you.
You visited 2 branches of the dungeon, and saw 12 of its levels.
You also visited: Sewer and Bailey.

You collected 733 gold pieces.
You spent 560 gold pieces at shops.

Inventory:

Hand Weapons
 a - a +1 sling
 s - a +0 arbalest (weapon)
 H - a +2 dagger of venom
Missiles
 q - 26 poisoned darts
 y - a throwing net
 A - 5 curare-tipped darts
Armour
 c - a +0 robe (worn)
 e - a +0 cloak (worn)
 j - a +2 pair of gloves (worn)
 C - a +0 kite shield
Jewellery
 l - a ring of wizardry (left hand)
 m - a ring of ice
 o - a +5 ring of evasion (right hand)
Wands
 i - a wand of digging (5)
Scrolls
 b - 3 scrolls of poison
 d - a scroll of brand weapon {unknown}
 g - 3 scrolls of enchant armour {unknown}
 h - a scroll of blinking {unknown}
 k - 3 scrolls of immolation {unknown}
 r - 4 scrolls of revelation {unknown}
 u - a scroll of teleportation {unknown}
 v - a scroll of amnesia {unknown}
 w - a scroll of fog
 x - a scroll of fear
 G - a scroll of enchant weapon
Potions
 f - a potion of ambrosia {unknown}
 n - 2 potions of brilliance
 p - 4 potions of attraction
 t - a potion of resistance
 z - a potion of mutation
 B - 3 potions of curing
 D - a potion of magic {unknown}
 E - a potion of heal wounds
 F - a potion of lignification {unknown}


   Skills:
 + Level 9.8 Fighting
 * Level 12.9 Ranged Weapons
 - Level 1.7 Dodging
 - Level 5.0 Spellcasting
 + Level 12.0 Hexes
 - Level 1.0 Fire Magic
 + Level 7.2 Invocations


You had 2 spell levels left.
You knew the following spells:

 Your Spells              Type           Power      Damage    Failure   Level
a - Jinxbite              Hex            68%        N/A       1%          2
b - Inner Flame           Hex/Fire       20%        N/A       1%          3
c - Dimensional Bullseye  Hex/Tloc       9%         N/A       6%          4
d - Cause Fear            Hex            17%        N/A       1%          4
g - Sigil of Binding      Hex            34%        N/A       1%          3
t - Tukima's Dance        Hex            34%        N/A       1%          3

Your spell library contained the following spells:

 Spells                   Type           Power      Damage    Failure   Level
 Ensorcelled Hibernation  Hex/Ice        36%        N/A       1%          2
 Freeze                   Ice            12%        1d3       8%          1
 Kiss of Death            Conj/Necr      12%        2d6       8%          1
 Magic Dart               Conj           12%        1d3       8%          1
 Shock                    Conj/Air       12%        1d3       8%          1
 Sting                    Conj/Alch      12%        1d3       8%          1
 Lesser Beckoning         Tloc           6%         N/A       12%         2
 Momentum Strike          Conj/Tloc      6%         3d8       12%         2
 Searing Ray              Conj           6%         2d4       12%         2
 Confusing Touch          Hex            34%        N/A       1%          3
 Anguish                  Hex/Necr       9%         N/A       6%          4
 Frozen Ramparts          Ice            6%         1d1       22%         3
 Fugue of the Fallen      Necr           3%         N/A       22%         3
 Hailstorm                Conj/Ice       3%         3d5       22%         3
 Stone Arrow              Conj/Erth      6%         3d7       22%         3
 Airstrike                Air            1%         2d(1-17)  56%         4
 Animate Armour           Summ/Erth      6%         N/A       56%         4
 Dispel Undead            Necr           3%         3d7       56%         4
 Fulminant Prism          Conj/Alch      1%         3d5       56%         4
 Iskenderun's Mystic Bla  Conj/Tloc      3%         2d3       56%         4
 Leda's Liquefaction      Alch/Erth      1%         N/A       56%         4
 Lee's Rapid Deconstruct  Erth           1%         3d4*      87%         5
 Summon Forest            Summ/Tloc      1%         N/A       87%         5
 Bombard                  Conj/Erth      1%         9d1       100%        6
 Eringya's Noxious Bog    Alch           1%         4d6       100%        6
 Summon Hydra             Summ           1%         N/A       100%        7
 Lehudib's Crystal Spear  Conj/Erth      1%         10d2      100%        8
 Blink                    Tloc           Unusable   N/A       N/A         2
 Swiftness                Air            Unusable   N/A       N/A         3

Dungeon Overview and Level Annotations

Branches:
Dungeon (11/15)            Temple (1/1) D:6             Orc (0/2) D:9
  Sewer (visited)          Bailey (visited)
   Lair: D:8-11

Altars:
Ashenzari
Cheibriados
Dithmenos
Elyvilon
Fedhas
Gozag
Hepliaklqana
Kikubaaqudgha
Makhleb
Nemelex Xobeh
Okawaru
Qazlal
Ru
Sif Muna
Trog
Uskayaw
Vehumet
Wu Jian
Xom
Yredelemnul
Zin
The Shining One

Shops:
D:9 ((:?   D:10 :

Portals:
Trove: D:10 (give +8 demon blade)


Innate Abilities, Weirdness & Mutations

Your life essence is reduced to manifest your ancestor. (-10% HP)
You cannot be hasted, slowed, berserked, paralysed or teleported.
You can dig through walls and to a lower floor.
You have a pair of large antennae on your head. (SInv)
Your four strong arms can wield two-handed weapons with a shield.


Message History

You inscribe a pair of binding sigils.
The death yak gores you!!
Tankster McGee hits the death yak with a +0 flail.
The death yak gores Tankster McGee but does no damage.
The death yak attacks as it pursues you!
The death yak gores you.
You feel your willpower return.
The death yak closely misses Tankster McGee.
The death yak gores you but does no damage.
Tankster McGee hits the death yak with a +0 flail.
Tankster McGee blocks the death yak's attack.
Tankster McGee is recalled.
Tankster McGee hits the death yak with a +0 flail!
The death yak gores you!!
You shoot a bolt. The bolt hits the death yak.
The death yak is severely wounded.
The death yak gores you!
* * * LOW HITPOINT WARNING * * *
Tankster McGee hits the death yak with a +0 flail!
The death yak moves over your binding sigil and is bound in place!
Unknown command.
Unknown command.
You shoot a bolt.
The bolt hits the death yak but does no damage.
The death yak is severely wounded.
Tankster McGee hits the death yak with a +0 flail!
The death yak gores Tankster McGee!
Unknown command.
You shoot a bolt. The bolt hits the death yak!!
You kill the death yak!
Tankster McGee hits the death yak with a +0 flail.
Your Hexes skill increases to level 12!
Unknown command.
Throw: 6 darts (curare)
Press: ? - help, Shift-Dir - straight line, f - death yak
Aim: a death yak (lightly wounded, ally target, 81% to hit)
You throw a curare-tipped dart.
The curare-tipped dart barely misses the death yak.
The death yak bellows!
The death yak's lost momentum returns!
The death yak gores you!!
You die...

.................................
.........(...........##..........
.....................##..#.....#
#........Y..........##..#.....#
##...................##..#.....#.
.........Y^......................
......Y......#....########'######
...###{####..#RY..#...........#
.. #..{{{{#..Y..@.#...........#
.. #......#########...........#
...#......# #...........#
...#...Y..# #...........#
...#..Y...# #...........#
...##'#...# ######...####
......#...########Y....#...####..
......#.....Y..YY'Y....#.........
###...#.......{.R#.....#.<.......


You could see the friendly Tankster McGee the knight and 3 death yaks.

Vanquished Creatures
  4 two-headed ogres
  Erica (D:11)
  2 death yaks
  Sonja (D:11)
  A deep elf pyromancer (Bailey)
  An ugly thing (D:11)
  An orc knight (Bailey)
  A cyclops (D:11)
  A manticore (D:10)
  A kobold demonologist (D:10)
  Prince Ribbit (D:6)
  A blink frog (shapeshifter) (D:10)
  13 yaks
  4 vampires
  A wraith (D:10)
  A wyvern (D:10)
  3 vampire mosquitoes
  Edmund (D:6)
  A black bear (D:7)
  11 orc warriors
  2 sky beasts
  An ice beast (D:6)
  3 ogres
  A centaur (D:11)
  3 kobold brigands
  2 brain worms (Sewer)
  5 gnoll sergeants
  6 bullfrogs
  A scorpion (D:5)
  A howler monkey (D:8)
  4 electric eels
  A bombardier beetle (D:5)
  2 hounds (D:5)
  A jelly (D:3)
  5 orc priests
  2 sleepcaps
  An iguana (D:5)
  4 orc wizards
  3 river rats (Sewer)
  12 adders
  19 gnolls
  2 white imps (D:6)
  A dart slug (D:1)
  3 ribbon worms
  40 orcs
  10 ball pythons
  7 endoplasms
  3 giant cockroaches
  8 hobgoblins
  4 jackals (D:1)
  18 kobolds
  5 quokkas
  10 bats
  6 frilled lizards
  13 goblins
  10 rats
270 creatures vanquished.

Vanquished Creatures (collateral kills)
  A two-headed ogre (D:10)
  A troll (D:11)
  2 yaks
  A vampire mosquito (D:11)
  2 centaurs (D:11)
  A kobold brigand (D:10)
  4 electric eels (D:10)
  3 gnolls (D:9)
15 creatures vanquished.

Vanquished Creatures (others)
  A dancing weapon (D:11)
  2 ancestors (D:9)
  An orc wizard (D:5)
4 creatures vanquished.

Grand Total: 289 creatures vanquished

Notes
Turn   | Place    | Note
-------+----------+-------------------------------------------
     0 | D:1      | Bnni the Formicid Hexslinger began the quest for the Orb.
     0 | D:1      | Reached XP level 1. HP: 15/15 MP: 2/2
   125 | D:1      | Reached XP level 2. HP: 13/21 MP: 3/3
   330 | D:1      | Reached XP level 3. HP: 21/26 MP: 5/5
   435 | D:1      | Found a faded altar of an unknown god.
   480 | D:1      | Learned a level 2 spell: Jinxbite
   484 | D:1      | Learned a level 3 spell: Sigil of Binding
   671 | D:2      | Found a hide-covered altar of Uskayaw.
   712 | D:2      | Reached XP level 4. HP: 33/33 MP: 3/6
  1490 | D:3      | Reached XP level 5. HP: 38/38 MP: 7/7
  1573 | D:3      | Found a sparkling altar of Nemelex Xobeh.
  1841 | D:3      | Reached skill level 5 in Hexes
  2229 | D:4      | Found a white marble altar of Elyvilon.
  2822 | D:5      | Entered Level 5 of the Dungeon
  2831 | D:5      | Reached XP level 6. HP: 42/46 MP: 6/9
  2885 | D:5      | Learned a level 4 spell: Cause Fear
  2914 | D:5      | Found a glowing drain.
  2936 | Sewer    | Entered a sewer
  3260 | Sewer    | Reached XP level 7. HP: 46/51 MP: 7/11
  3784 | D:5      | Learned a level 3 spell: Inner Flame
  3793 | D:5      | Reached skill level 5 in Ranged Weapons
  4081 | D:5      | HP: 2/52 [orc warrior/bolt (14)]
  4098 | D:5      | HP: 2/52 [orc/boomerang (5)]
  4294 | D:5      | Reached XP level 8. HP: 41/60 MP: 7/13
  4493 | D:6      | Found a staircase to the Ecumenical Temple.
  4543 | Temple   | Entered the Ecumenical Temple
  4695 | D:6      | Noticed Prince Ribbit
  4724 | D:6      | Killed Prince Ribbit
  4796 | D:6      | Reached XP level 9. HP: 59/66 MP: 15/15
  4840 | D:6      | Noticed Edmund
  4845 | D:6      | Killed Edmund
  5034 | D:6      | Reached skill level 5 in Fighting
  5237 | D:7      | Noticed a two-headed ogre
  5256 | D:7      | Killed a two-headed ogre
  5257 | D:7      | Reached skill level 5 in Spellcasting
  5813 | D:7      | Reached XP level 10. HP: 76/76 MP: 14/17
  5818 | D:7      | Learned a level 4 spell: Dimensional Bullseye
  6311 | D:8      | Found a basalt altar of Yredelemnul.
  6320 | D:8      | Noticed a two-headed ogre
  6330 | D:8      | Killed a two-headed ogre
  6597 | D:8      | Found a snail-covered altar of Cheibriados.
  6599 | D:8      | Found a shimmering altar of Xom.
  6601 | D:8      | Found a hazy altar of Hepliaklqana.
  6601 | D:8      | Found a hide-covered altar of Uskayaw.
  6609 | D:8      | Became a worshipper of Hepliaklqana the Forgotten
  6927 | D:8      | Found a stormy altar of Qazlal.
  7044 | D:9      | Reached skill level 1 in Invocations
  7135 | D:9      | Found a flagged portal.
  7150 | Bailey   | Entered a bailey
  7193 | Bailey   | Reached skill level 10 in Ranged Weapons
  7375 | Bailey   | Noticed an orc knight
  7426 | Bailey   | Killed an orc knight
  7439 | Bailey   | Reached skill level 10 in Hexes
  7649 | Bailey   | Found a large runed translucent door.
  7649 | Bailey   | Found a large runed translucent door.
  7650 | Bailey   | Noticed a deep elf pyromancer
  7738 | Bailey   | Killed a deep elf pyromancer
  7739 | Bailey   | Reached XP level 11. HP: 24/85 MP: 12/18
  7922 | Bailey   | Identified the staff "Gram" {rF++ Dex-5 Earth}
  7929 | Bailey   | Identified the +12 plate armour of Ignis's Respect
                  | {Rampage}
  8020 | D:9      | Noticed a two-headed ogre
  8305 | D:9      | Found Siekuboeri's Book Shop.
  8325 | D:9      | Noticed a two-headed ogre
  8330 | D:9      | Killed a two-headed ogre
  8334 | D:9      | Found Gottagg's Antique Weapon Shop.
  8334 | D:9      | Found Emymiboh's Magic Scroll Shop.
  8365 | D:9      | Found Sicufroh's Weapon Shop.
  8389 | D:9      | Bought a book of Weapons for 476 gold pieces
  8393 | D:9      | Learned a level 3 spell: Tukima's Dance
  8397 | D:9      | Bought a scroll of identify for 28 gold pieces
  8397 | D:9      | Bought a scroll of identify for 28 gold pieces
  8397 | D:9      | Bought a scroll of identify for 28 gold pieces
  8431 | D:9      | Reached * piety under Hepliaklqana
  8601 | D:9      | Found a staircase to the Orcish Mines.
  8960 | D:9      | Killed a two-headed ogre
  8961 | D:9      | Reached skill level 5 in Invocations
  9028 | D:10     | Entered Level 10 of the Dungeon
  9053 | D:10     | Found Lenal's Book Emporium.
  9053 | D:10     | Noticed a walking frostbound tome
  9053 | D:10     | Noticed a walking divine tome
  9358 | D:10     | Reached ** piety under Hepliaklqana
  9359 | D:10     | Remembered your ancestor Tankster McGee as a knight
  9535 | D:10     | Found a portal to a secret trove of treasure.
  9540 | D:10     | Noticed a two-headed ogre
  9547 | D:10     | Killed a two-headed ogre
  9615 | D:10     | Noticed a manticore
  9627 | D:10     | Killed a manticore
  9866 | D:10     | Reached XP level 12. HP: 27/81 MP: 5/19
 10164 | D:10     | Got the Handbook of Bloody Distillation
 10353 | D:11     | Noticed a death yak
 10353 | D:11     | Noticed a death yak
 10357 | D:11     | Noticed a death yak
 10357 | D:11     | Noticed a death yak
 10358 | D:11     | Noticed a death yak
 10367 | D:10     | Killed a death yak
 10534 | D:11     | Noticed Sonja
 10539 | D:11     | Killed Sonja
 10552 | D:11     | Noticed Erica
 10559 | D:11     | Killed Erica
 10718 | D:11     | Noticed a death yak
 10755 | D:11     | Killed a death yak
 10756 | D:11     | Slain by a death yak

Illustrated notes

Levels and vault maps discovered:
D:1:      dpeg_arrival_houses_and_road, layout_rooms,
          chequers_ecumenical_altar_simple
D:2:      layout_basic, basic_altar
D:3:      layout_basic, nemelex_dance_club_becter, serial_bayou_pond_c
D:4:      layout_basic, minmay_misc_feat_encased, grunt_decor_one_mirror,
          grunt_decor_mini_mirrors, minmay_ruined_shrine
D:5:      layout_basic, cheibrodos_sewer_entry_sluice
D:6:      layout_rooms, temple_pool_b, uniq_edmund, uniq_prince_ribbit1
D:7:      layout_cave_pools
D:8:      minmay_evil_eye, layout_cave_pools, mainiacjoe_overflow_big_doors,
          nicolae_overflow_hidden_temple
D:9:      layout_basic, david_orc_3, enter_bailey_3, minmay_shop_grid_forest
D:10:     layout_basic, enter_trove_1, serial_shops, nicolae_shop_mannequins,
          minivault_20, st_stairs_5, chequers_serial_rivers_room_b,
          library_closet
D:11:     layout_stronghold, dpeg_lair_monsters,
          nicolae_hepliaklqana_hazy_memory, uniq_sonja, uniq_erica
Temple:   minmay_freezing_vapour_temple

Skill      XL: |  1  2  3  4  5  6  7  8  9 10 11 12 |
---------------+-------------------------------------+-----
Hexes          | 4 5 6 7 8 10 11 12 | 12.0
Ranged Weapons | 3 4 5 6 8 10 11 12 | 12.9
Fighting       | 2 3 4 6 7 9 |  9.8
Spellcasting   | 2 3 4 5 |  5.0
Invocations    | 2 5 7 |  7.2
Dodging        | |  1.7
Fire Magic     | |  1.0

Action                     |  1- 3 |  4- 6 |  7- 9 | 10-12 || total
---------------------------+-------+-------+-------+-------++-------
  Melee: Dagger            |       |       |       |     3 ||     3
   Fire: Sling             |    94 |   238 |   282 |   444 ||  1058
         Arbalest          |       |       |       |    81 ||    81
  Throw: Dart              |       |       |     8 |     7 ||    15
         Throwing net      |       |       |     1 |       ||     1
   Cast: Jinxbite          |     1 |     4 |    24 |    13 ||    42
         Inner Flame       |       |       |    10 |    48 ||    58
         Cause Fear        |       |       |     5 |    13 ||    18
         Sigil of Binding  |       |       |     2 |     4 ||     6
         Dimensional Bulls |       |       |       |     3 ||     3
         Tukima's Dance    |       |       |       |     1 ||     1
 Invoke: Recall Ancestor   |       |       |       |     5 ||     5
         Ancestor Life: Kn |       |       |       |     1 ||     1
         Ancestor Identity |       |       |       |     1 ||     1
Ability: Dig               |       |       |       |     3 ||     3
  Evoke: Wand              |       |       |       |     3 ||     3
    Use: Scroll            |       |       |     6 |     7 ||    13
         Potion            |       |       |     1 |     3 ||     4
 Armour: Robe              |    29 |    42 |    85 |   132 ||   288
  Dodge: Dodged            |    30 |    99 |   172 |   160 ||   461
